 Dungeon Crawl Stone Soup version 0.20-a0-945-g3bf614a (webtiles) character file.

644 Eptagon the Sneak (level 7, -19/32 HPs)
             Began as a Spriggan Enchanter on Apr 2, 2017.
             Was a Believer of Ru.
             Demolished by a two-headed ogre
             ... wielding a +0 giant club
              (29 damage)
             ... on level 4 of the Dungeon.
             The game lasted 00:14:30 (3632 turns).

Eptagon the Sneak (Spriggan Enchanter)              Turns: 3632, Time: 00:14:30

Health: -19/32     AC:  2    Str:  5    XL:     7   Next: 26%
Magic:  12/16      EV: 18    Int: 16    God:    Ru [**....]
Gold:   127        SH:  0    Dex: 18    Spells: 10/16 levels left

rFire    . . .     SeeInvis +   a - +2 short sword (distort)
rCold    . . .     Gourm    .   (shield restricted)
rNeg     . . .     Faith    .   b - +0 robe
rPois    .         Spirit   .   (helmet restricted)
rElec    .         Reflect  .   (no cloak)
rCorr    .         Harm     .   (gloves unavailable)
MR       +....                  (boots unavailable)
Stlth    ++++......             (no amulet)
Regen    0.1/turn               (no ring)
MPRegen  0.2/turn               (no ring)

@: very quick
A: unfitting armour, talons 1, see invisible, herbivore 3, speed 3, slow
metabolism 2, wild magic 1, inability to use devices, sturdy frame 1
a: Renounce Religion


You were on level 4 of the Dungeon.
You worshipped Ru.
Ru was pleased with you.
You were not hungry.

You visited 1 branch of the dungeon, and saw 4 of its levels.

You collected 127 gold pieces.

Inventory:

Hand Weapons
 a - a +2 short sword of distortion (weapon)
Armour
 b - a +0 robe (worn)
Wands
 p - a wand of random effects (21/48)
Scrolls
 e - a scroll of enchant weapon {unknown}
 g - 2 scrolls of identify {unknown}
 j - a scroll of fog {unknown}
 k - 2 scrolls of amnesia {unknown}
 l - a scroll of random uselessness {unknown}
 m - 2 scrolls of remove curse {unknown}
 n - a scroll of enchant armour {unknown}
 o - 2 scrolls of blinking {unknown}
Potions
 i - 2 potions of curing {unknown}
 q - a potion of heal wounds
 r - a potion of mutation
 s - a potion of flight {unknown}
 t - a potion of ambrosia {unknown}
 u - a potion of lignification {unknown}
Books
 c - a book of Maledictions

   Spells                             Type                      Level
   a - Corona                         Hexes                        1
   b - Ensorcelled Hibernation        Hexes/Ice                    2
   c - Confuse                        Hexes                        3
   d - Tukima's Dance                 Hexes                        3
   e - Dazzling Spray                 Conjuration/Hexes            3
Comestibles
 d - 3 bread rations
 f - 15 fruits


   Skills:
 + Level 4.1 Short Blades
 - Level 3.0 Dodging
 + Level 7.5 Stealth
 + Level 5.4 Spellcasting
 + Level 6.1 Hexes


You had 10 spell levels left.
You knew the following spells:

 Your Spells              Type           Power        Failure   Level  Hunger
a - Corona                Hex            ####...      2%          1    None
b - Ensorcelled Hibernat  Hex/Ice        ###...       14%         2    #......
c - Confuse               Hex            ####....     6%          3    ###....


Dungeon Overview and Level Annotations

Branches:
Dungeon (4/15)
 Temple: D:4-7

Altars:
Dithmenos
Hepliaklqana
Ru
Sif Muna
Xom

Annotations:
Abyss:1 Ijyb


Innate Abilities, Weirdness & Mutations

You are very small and have problems with some larger weapons.
You are too small for most types of armour.
You have supernaturally acute eyesight. (SInv)
You are a herbivore.
You cover ground extremely quickly.
You need consume almost no food.
You cannot study or use magical devices.
You have sharp toenails.
Your spells are a little harder to cast, but a little more powerful.
Your movements are slightly less encumbered by armour. (ER -2)


Message History

You start resting.
A two-headed ogre is nearby!
Casting: Confuse
Confirm with . or Enter, or press ? or * to list all spells.
Aiming: Ensorcelled Hibernation
Press: ? - help, Shift-Dir - straight line, f - two-headed ogre
Aim: a two-headed ogre, wielding a giant club and a giant spiked club (hasn't noticed you, chance to defeat MR: 31%)
The two-headed ogre easily resists.
Casting: Ensorcelled Hibernation
Confirm with . or Enter, or press ? or * to list all spells.
Aiming: Confuse
Press: ? - help, Shift-Dir - straight line, f/p - two-headed ogre
Aim: a two-headed ogre, wielding a giant club and a giant spiked club (chance to defeat MR: 42%)
The two-headed ogre appears confused.
You hit the two-headed ogre but do no damage.
The two-headed ogre blinks!
The two-headed ogre hits you with a giant club.
The two-headed ogre hits you with a giant spiked club!!
Ouch! That really hurt!
You die...

..........).......# #.......#
..................# #........
.##)..#...........# #........
.###..###.........#### #........
.# #..###...#..)..[..####.g......
.####.......##..............$....
>.............(....#.###.........
......#........[.........#.###...
.......(.......O@..).###...####.#
..................##..>..###....#
##((.......###......ยง.....#..# #
o..........####..##..####...###
....................)..####...##
..#........####..##.)..........#
..#........#####...........##....
..#........##..............# ....
..#........##....##...#..#.# ##.


You could see a two-headed ogre (confused).

Vanquished Creatures
  Edmund (D:4)
  An ogre (D:4)
  2 orc priests (D:4)
  2 iguanas (D:4)
  Natasha (thrice) (D:4)
  A worker ant (D:4)
  A hound skeleton (D:4)
  6 adders
  4 oozes
  5 worms
  A dart slug (D:2)
  A leopard gecko (D:2)
  8 orcs
  2 giant cockroaches
  11 goblins
  4 hobgoblins
  15 jackals
  A quokka (D:2)
  2 ball pythons
  5 bats
  4 frilled lizards
  5 kobolds
  A quokka zombie (D:4)
  6 rats
92 creatures vanquished.

Vanquished Creatures (others)
  A worker ant (D:4)
  A dart slug (D:3)
  2 bats
  2 jackals (D:2)
6 creatures vanquished.

Grand Total: 98 creatures vanquished

Notes
Turn   | Place    | Note
-------+----------+-------------------------------------------
     0 | D:1      | Eptagon the Spriggan Enchanter began the quest for the Orb.
     0 | D:1      | Reached XP level 1. HP: 9/9 MP: 5/5
   307 | D:1      | Reached XP level 2. HP: 13/13 MP: 7/7
   311 | D:1      | Learned a level 2 spell: Ensorcelled Hibernation
   709 | D:1      | You fall through a shaft!
   749 | D:2      | Reached skill level 5 in Stealth
   756 | D:2      | Reached XP level 3. HP: 16/16 MP: 8/8
   858 | D:2      | Gained mutation: Your spells are a little harder to cast, but a little more powerful. [potion of mutation]
   858 | D:2      | Gained mutation: Your movements are slightly less encumbered by armour. (ER -2) [potion of mutation]
   858 | D:2      | Gained mutation: You have sharp toenails. [potion of mutation]
  1001 | D:2      | Reached XP level 4. HP: 14/21 MP: 5/10
  1107 | D:2      | Found a sacrificial altar of Ru.
  1211 | D:2      | Became a worshipper of Ru the Awakened
  1505 | D:2      | Found a deep blue altar of Sif Muna.
  1585 | D:2      | Reached skill level 6 in Stealth
  1702 | D:3      | Found a hazy altar of Hepliaklqana.
  1703 | D:3      | Found a shimmering altar of Xom.
  1703 | D:3      | Noticed an unseen horror
  1704 | D:3      | Noticed a spectral ugly thing
  1704 | D:3      | Noticed an unseen horror
  1799 | D:3      | Noticed Ijyb
  1810 | D:3      | Banished Ijyb
  1810 | D:3      | Reached XP level 5. HP: 16/24 MP: 12/12
  2501 | D:4      | Noticed Natasha
  2511 | D:4      | Killed Natasha
  2511 | D:4      | Reached skill level 5 in Hexes
  2515 | D:4      | Gained mutation: You cannot study or use magical devices. [Ru sacrifice]
  2515 | D:4      | Reached * piety under Ru
  2515 | D:4      | Reached ** piety under Ru
  2532 | D:4      | Noticed Natasha
  2539 | D:4      | Killed Natasha
  2722 | D:4      | Reached XP level 6. HP: 28/28 MP: 8/13
  2773 | D:4      | Noticed Edmund
  2795 | D:4      | Killed Edmund
  2881 | D:4      | Reached skill level 7 in Stealth
  2881 | D:4      | Reached skill level 5 in Spellcasting
  2889 | D:4      | Reached XP level 7. HP: 32/32 MP: 12/15
  2919 | D:4      | Noticed Natasha
  2923 | D:4      | Killed Natasha
  3136 | D:4      | Noticed a two-headed ogre
  3247 | D:4      | Learned a level 3 spell: Confuse
  3436 | D:4      | Found a shadowy altar of Dithmenos.
  3632 | D:4      | Demolished by a two-headed ogre

Vault maps used:
D:1:      tarquinn_simple_flora_water_f
D:2:      nicolae_ru_sacrificial_ziggurat, overflow_temple_1_default,
          chequers_ecumenical_altar_grove
D:3:      kennysheep_six_static_rooms, regret_index_temple_of_mockery, uniq_iyjb
D:4:      nicolae_dithmenos_shadow_blocks, dk_noncrumbling_3, uniq_natasha,
          uniq_edmund

Skill      XL: |  1  2  3  4  5  6  7 |
---------------+----------------------+-----
Spellcasting   | 3 4 5 |  5.4
Hexes          | 4 5 6 |  6.1
Stealth        | 5 6 7 |  7.5
Short Blades   | 2 3 4 |  4.1
Dodging        | |  3.0

Action                   |  1- 3 |  4- 6 |  7- 9 || total
-------------------------+-------+-------+-------++-------
Melee: Short sword       |    57 |   115 |    36 ||   208
       Dagger            |     1 |       |       ||     1
       Kick              |     2 |    13 |     9 ||    24
 Cast: Ensorcelled Hiber |     8 |    16 |    18 ||    42
       Confuse           |       |       |     4 ||     4
       Corona            |       |       |     1 ||     1
Invok: Sacrifice Artific |       |     1 |       ||     1
  Use: Potion            |     5 |       |       ||     5
 Stab: Sleeping          |    13 |    19 |     3 ||    35
       Distracted        |       |     1 |     1 ||     2
       Confused          |       |       |     1 ||     1
  Eat: Royal jelly       |       |       |     1 ||     1
Armor: Robe              |     4 |     3 |     1 ||     8
Dodge: Dodged            |    40 |    53 |    12 ||   105
